Map: Golden Wall LE

Players

Unholy

  • Race: Zerg Zerg
  • League: Diamond
  • Spawn Location: 7:00

Stroke - Winner!

  • Race: Terran Terran
  • League: Diamond
  • Spawn Location: 5:00

VOD

Have the link to the VOD?

Description

Time

  • Played on: June 15, 2020, 8:41 p.m.
  • Length: 10:43
Show
View Real Time Build Order
Export as new Build Order

Unholy Zerg 

Build Orders: Pool First 

Get SALT Encoding   

  12  0:01  Drone  
  13  0:14  Overlord  
  13  0:18  Drone  
  14  0:33  Drone x2  
  16  0:42  Spawning Pool  
  15  0:44  Drone  
  16  1:09  Hatchery  
  15  1:12  Drone  
  15  1:14  Drone  
  17  1:28  Zergling x2  
  17  1:29  Zergling x2  
  19  1:34  Extractor, Zergling x2  
  19  1:45  Drone  
  20  1:49  Queen  
  22  1:59  Overlord  
  21  2:43  Queen  
  23  2:47  Drone x5  
  23  2:48  Drone  
  28  2:53  Metabolic Boost  
  28  3:02  Zergling x2  
  28  3:03  Zergling x2  
  28  3:04  Drone  
  31  3:10  Drone  
  32  3:15  Hatchery  
  31  3:34  Roach Warren  
  31  3:35  Drone  
  31  3:36  Drone x4  
  31  3:37  Extractor, Overlord  
  34  3:54  Drone  
  34  3:55  Overlord x2  
  35  4:03  Extractor  
  35  4:04  Drone x2  
  35  4:05  Drone x2  
  35  4:09  Drone x2  
  40  4:11  Zergling x2  
  41  4:26  Zergling x2  
  41  4:27  Zergling x6  
  45  4:32  Spine Crawler  
  45  4:36  Evolution Chamber  
  42  4:38  Zergling x2  
  42  4:39  Zergling x6  
  46  4:45  Lair  
  46  4:50  Evolution Chamber  
  42  5:02  Roach x4  
  50  5:13  Extractor, Drone x5  
  54  5:19  Zerg Missile Weapons Level 1  
  54  5:37  Roach x4  
  54  5:42  Glial Reconstitution  
  62  5:46  Drone x3  
  65  5:52  Drone  
  66  6:07  Queen  
  62  6:15  Spore Crawler  
  62  6:17  Spore Crawler  
  56  6:19  Spore Crawler  
  56  6:20  Drone x3, Spore Crawler  
  56  6:22  Spore Crawler  
  56  6:30  Drone x2  
  58  6:36  Queen  
  58  6:38  Drone x2  
  62  6:46  Drone x3  
  63  6:54  Roach  
  63  7:00  Drone x3  
  64  7:03  Drone  
  63  7:09  Drone x2  
  63  7:13  Overlord x2  
  63  7:34  Queen  
  63  7:35  Queen x2  
  69  7:41  Ravager x2  
  69  7:42  Ravager x3  
  69  7:44  Roach, Ravager  
  75  7:45  Roach x2  
  75  7:46  Overlord x2  
  81  7:53  Overlord  
  81  8:04  Overlord x2  
  81  8:15  Drone x3  
  81  8:16  Drone x2  
  81  8:19  Roach  
  90  8:20  Roach  
  90  8:21  Roach x5  
  100  8:38  Queen x2  
  101  9:03  Roach x11  
  121  9:10  Nydus Network  
  120  9:32  Roach  
  120  9:34  Overlord x5  
  122  9:51  Nydus Canal  
  122  9:56  Roach x4  
  122  9:57  Roach x5  
Show
View Real Time Build Order
Export as new Build Order

Stroke Terran - Winner!

Build Orders: Reaper Expand, Mech 

Get SALT Encoding   

  12  0:00  SCV  
  13  0:13  SCV  
  14  0:19  Supply Depot  
  14  0:25  SCV  
  15  0:40  SCV  
  15  0:42  Barracks  
  16  0:46  Refinery  
  16  0:52  SCV  
  17  1:04  SCV  
  18  1:16  SCV  
  19  1:37  Orbital Command  
  19  1:39  Reaper  
  20  1:46  Command Center  
  20  1:54  Supply Depot  
  20  2:03  SCV  
  21  2:09  Factory  
  21  2:16  SCV  
  22  2:25  Barracks Reactor  
  22  2:28  SCV  
  22  2:29  Refinery  
  23  2:40  SCV  
  24  2:53  SCV  
  25  2:59  Orbital Command  
  25  3:04  Starport  
  25  3:05  SCV  
  25  3:08  Supply Depot  
  26  3:14  Hellion  
  26  3:15  Hellion  
  26  3:18  SCV  
  31  3:26  SCV  
  32  3:30  SCV, Supply Depot  
  33  3:38  Hellion  
  33  3:39  Hellion  
  37  3:43  Fusion Core  
  37  3:45  Starport Tech Lab  
  37  3:46  SCV  
  38  3:54  SCV  
  39  3:56  Supply Depot  
  39  3:58  SCV  
  39  4:01  Hellion  
  42  4:03  Hellion  
  42  4:07  SCV  
  45  4:18  SCV  
  45  4:19  SCV  
  45  4:21  Supply Depot  
  47  4:30  SCV  
  48  4:31  SCV  
  49  4:42  SCV  
  49  4:43  Battlecruiser, SCV  
  49  4:44  Supply Depot  
  57  4:59  Hellion x2  
  59  5:07  Refinery  
  59  5:08  Refinery  
  59  5:18  Command Center  
  59  5:19  SCV x2  
  61  5:33  SCV x2  
  61  5:35  Hellion x2  
  66  5:45  SCV  
  67  5:50  Factory  
  67  5:53  SCV  
  67  5:54  Factory  
  68  5:57  SCV  
  75  6:18  Battlecruiser  
  75  6:19  Hellion x2  
  79  6:29  SCV  
  79  6:30  SCV  
  81  6:38  Factory Tech Lab  
  81  6:39  Factory Tech Lab, Command Center  
  81  6:46  Weapon Refit  
  77  7:14  Hellion x2  
  77  7:15  Siege Tank x2  
  87  7:41  Battlecruiser, Hellion x2  
  87  7:43  SCV  
  87  7:44  SCV  
  100  7:46  Orbital Command  
  99  8:05  Siege Tank x2  
  105  8:06  Hellion  
  105  8:07  SCV, Hellion  
  105  8:08  SCV  
  105  8:11  Armory  
  111  8:14  Armory  
  111  8:15  SCV  
  111  8:16  Engineering Bay  
  111  8:19  SCV  
  113  8:31  SCV x2  
  115  8:35  SCV  
  116  9:04  Planetary Fortress  
  116  9:09  Supply Depot  
  116  9:12  Supply Depot x2  
  116  9:17  Refinery  
  116  9:19  Refinery  
  122  9:31  Hellion x2, SCV x3  
  126  9:43  SCV x3  
  126  9:47  Factory Tech Lab  
  126  9:49  Factory Tech Lab  
  132  9:55  SCV x3  
  132  9:57  Factory  
  132  9:58  Factory  
  132  9:59  Factory  
  135  10:02  Factory  
  135  10:03  SCV  
  136  10:07  Factory, SCV x3  
Tags
 
Add a new tag
Caveats
  • Supply blocks, unpowered buildings, or Contaminate may cause inaccurate times.
  • Supply counts are checked every 10 seconds.